cohdb
Replays
Latest Replays
All Replays
Popular Replays
Top Player Replays
Match Explorer
How It Works
Community
CoH3 Stats
Reddit
Sign in to upload your games and track your stats! →
Sign in with Steam
Match 44093851
Unlisted
Match 44093851
Overview
Messages
Build Orders
End
Panzerpioneer Squad
Panzerpioneer Squad
250 Light Carrier
Construct Light Support Kompanie
Fire Support Elements
Flakvierling Half-track
Panzerjäger Mechanized Group
Panzerjäger Squad
Assault Grenadier Squad
Selects Battlefield Espionage Battlegroup
Selects Intel Disruption Beacon
Selects Plunder
2.5-tonne Medical Truck
MG34 Team
Vehicle Survival Package
Assault Mechanized Group
Construct Panzerarmee Kommand
Walking Stuka Rocket Launcher
Selects Firestorm
Selects 250/3 Funkpanzerwagen
Selects Anti-Tank Incendiary Munitions
Firestorm
Panzer III L Medium Tank
Tungsten Core Ammunition
Armored Reserves
Pak 38 Mechanized Group
Selects Operation Skorpion
Pak 38 Anti-tank Gun Team
Walking Stuka Rocket Launcher
Panzer IV Assault Group
Firestorm
Panzer IV Assault Group
Flak 36 Anti-tank Gun Team
iceman
ParryBow
Macfly2001
FlashThunder
Ciaphas Cain
pRedox
0
0
Comments
sign in to comment!
No comments posted yet!